 Dungeon Crawl Stone Soup version 0.30.0-29-ga12c61a403 (webtiles) character file.

Game seed: 6562995548318683834

1456 Dadi the Conjurer (level 8, -4/46 HPs)
             Began as a Deep Elf Conjurer on June 16, 2023.
             Was an Initiate of Vehumet.
             Slain by Duvessa
             ... wielding a +1 short sword of protection
              (8 damage)
             ... on level 6 of the Dungeon.
             The game lasted 00:12:58 (6430 turns).

Dadi the Conjurer (Deep Elf Conjurer)               Turns: 6430, Time: 00:12:58

Health: -4/46      AC:  6    Str:  4    XL:     8   Next: 47%
Magic:  4/19       EV: 14    Int: 32    God:    Vehumet [......]
Gold:   429        SH:  0    Dex: 13    Spells: 5/19 levels left

rFire   . . .        y - +3 sling (drain)
rCold   . . .        (no shield)
rNeg    . . .        K - +0 steam dragon scales
rPois   .            (no helmet)
rElec   .            (no cloak)
rCorr   .            (no gloves)
SInv    +            i - +0 pair of boots
Will    .....        (no amulet)
Stlth   ++           E - +6 ring of intelligence
HPRegen 0.27/turn    F - ring of see invisible
MPRegen 0.16/turn

%: no passive effects
@: weak-willed
A: no striking features
a: Renounce Religion


You were on level 6 of the Dungeon.
You worshipped Vehumet.
Vehumet was noncommittal.
You visited 1 branch of the dungeon, and saw 6 of its levels.

You collected 429 gold pieces.

Inventory:

Hand Weapons
 y - a +3 sling of draining (weapon)
Missiles
 s - 4 throwing nets
Armour
 a - a +0 robe
 i - a +0 pair of boots (worn)
 H - a +2 kite shield
 K - +0 steam dragon scales (worn)
Jewellery
 l - a ring of ice
 A - a ring of flight
 E - a +6 ring of intelligence (left hand)
 F - a ring of see invisible (right hand)
Wands
 p - a wand of quicksilver (8)
 u - a wand of flame (17)
 G - a wand of digging (5)
Scrolls
 d - a scroll of enchant weapon
 f - 8 scrolls of identify {unknown}
 g - 3 scrolls of fear {unknown}
 h - 4 scrolls of teleportation {unknown}
 t - a scroll of noise
 x - a scroll of fog {unknown}
 B - 2 scrolls of poison {unknown}
 C - a scroll of magic mapping {unknown}
 I - a scroll of blinking {unknown}
 J - a scroll of immolation {unknown}
Potions
 b - a potion of magic
 c - 2 potions of curing
 e - a potion of attraction {unknown}
 k - a potion of mutation {unknown}
 m - a potion of invisibility {unknown}
 n - 3 potions of heal wounds {unknown}
 o - 3 potions of cancellation {unknown}
 q - a potion of might {unknown}
 r - a potion of resistance {unknown}
 v - 2 potions of flight {unknown}
 z - 2 potions of haste {unknown}
 D - a potion of degeneration {unknown}


   Skills:
 + Level 3.1 Fighting
 + Level 5.6 Dodging
 - Level 2.4 Stealth
 - Level 6.0 Spellcasting
 - Level 6.1 Conjurations
 - Level 6.0 Hexes
 - Level 5.0 Ice Magic


You had 5 spell levels left.
You knew the following spells:

 Your Spells              Type           Power      Damage    Failure   Level
a - Magic Dart            Conj           100%       1d8       1%          1
b - Searing Ray           Conj           96%        2d7       1%          2
c - Dazzling Flash        Conj/Hex       96%        N/A       1%          3
d - Fulminant Prism       Conj/Hex       24%        3d12      3%          4
e - Freeze                Ice            100%       1d10      1%          1
f - Ozocubu's Armour      Ice            41%        N/A       1%          3

Your spell library contained the following spells:

 Spells                   Type           Power      Damage    Failure   Level
 Iskenderun's Mystic Bla  Conj/Tloc      29%        2d7       13%         4
 Lehudib's Crystal Spear  Conj/Erth      14%        10d5      100%        8


Dungeon Overview and Level Annotations

Branches:
Dungeon (6/15)             Temple (0/1) D:6

Altars:
Cheibriados
Dithmenos
Elyvilon
Hepliaklqana
Makhleb
Qazlal
Vehumet
Wu Jian

Shops:
D:6 !

Annotations:
D:6 Duvessa


Message History

Vehumet accepts your kill.
Duvessa screams, "No!
How DARE you!"
Duvessa goes berserk! (Press . to maintain the ray.) Duvessa hits you with a +1 short sword of protection!
Casting: Searing Ray (safe; 1% risk of failure)
Confirm with . or Enter, or press ? or * to list all spells.
Aiming: Freeze (safe; 1% risk of failure)
Press: ? - help, Shift-Dir - straight line, f - Duvessa
Aim: Duvessa, wielding a +1 short sword of protection and wearing a +0 chain mail (heavily wounded, berserk)
You freeze Duvessa!
Duvessa is heavily wounded.
Duvessa hits you with a +1 short sword of protection.
Duvessa hits you with a +1 short sword of protection!
As you read the scroll labelled URCHEL NILOKO, it crumbles to dust.
It is a scroll of enchant weapon.
Your +2 sling of draining glows red for a moment.
Duvessa hits you with a +1 short sword of protection!
* * * LOW HITPOINT WARNING * * *
As you read the scroll labelled YMAMEQO ISHRE, it crumbles to dust.
Your body is wracked with pain!
* * * LOW HITPOINT WARNING * * *
Duvessa convulses!
It was a scroll of torment.
Duvessa closely misses you. x2
Casting: Freeze (safe; 1% risk of failure)
Confirm with . or Enter, or press ? or * to list all spells.
Okay, then.
Casting: Freeze (safe; 1% risk of failure)
Confirm with . or Enter, or press ? or * to list all spells.
Okay, then.
Okay, then.
It was a potion of curing.
You feel better. Duvessa closely misses you.
As you read the scroll labelled OCANNO BUORRIJ, it crumbles to dust.
You hear a loud clanging noise!
It was a scroll of noise.
Duvessa hits you but does no damage.
Duvessa hits you with a +1 short sword of protection!
* * * LOW HITPOINT WARNING * * *
As you read the scroll labelled DEPLUS GUICO, it crumbles to dust.
Magic quickly surges around you.
It was a scroll of vulnerability.
Duvessa hits you with a +1 short sword of protection!
You die...

##########
....).e..#############
######@#............#
#.#.#########.## #.#.#
#.# #.#.# #.# #. ..#.#
#.# #.######.# #.#
#.....##.# #.#
#....<##.# #.####
##+##.....##.# #>....


You could see Duvessa (berserk, weak-willed).

Vanquished Creatures
  Sigmund (D:5)
  A steam dragon (D:6)
  A sky beast (D:4)
  A black bear (D:4)
  An ogre (D:6)
  A phantom (D:5)
  Blork the orc (D:4)
  2 scorpions
  A gnoll sergeant (D:4)
  Dowan (D:6)
  2 hounds (D:5)
  A jelly (D:5)
  3 iguanas (D:4)
  A sleepcap (D:5)
  9 gnolls
  11 adders
  A shadow imp (D:6)
  A white imp (D:5)
  An ufetubus (D:6)
  5 worms
  4 dart slugs
  7 orcs
  9 ball pythons
  3 bats
  6 endoplasms
  7 giant cockroaches
  8 goblins
  9 hobgoblins
  A jackal (D:4)
  9 kobolds
  5 quokkas
  5 frilled lizards
  4 rats
123 creatures vanquished.

Vanquished Creatures (others)
  5 fulminant prisms
5 creatures vanquished.

Grand Total: 128 creatures vanquished

Notes
Turn   | Place    | Note
-------+----------+-------------------------------------------
     0 | D:1      | Dadi the Deep Elf Conjurer began the quest for the Orb.
     0 | D:1      | Reached XP level 1. HP: 10/10 MP: 6/6
   169 | D:1      | Reached XP level 2. HP: 15/15 MP: 4/8
   785 | D:2      | Reached skill level 5 in Conjurations
   785 | D:2      | Reached XP level 3. HP: 19/19 MP: 4/10
   788 | D:2      | Learned a level 2 spell: Searing Ray
   792 | D:2      | Learned a level 3 spell: Dazzling Flash
  1461 | D:3      | Noticed an air elemental
  1465 | D:3      | Noticed a fire elemental
  1466 | D:3      | Found a stormy altar of Qazlal.
  1468 | D:3      | Noticed an earth elemental
  1469 | D:3      | Noticed a water elemental
  1598 | D:3      | Reached XP level 4. HP: 24/24 MP: 5/12
  1603 | D:3      | Learned a level 4 spell: Fulminant Prism
  1779 | D:3      | Found a faded altar of an unknown god.
  1859 | D:3      | Reached skill level 1 in Hexes
  1914 | D:3      | Found a hazy altar of Hepliaklqana.
  2199 | D:3      | Reached skill level 5 in Spellcasting
  2202 | D:3      | Reached XP level 5. HP: 13/28 MP: 0/14
  2960 | D:4      | Got Sif Muna's Dissertation on Snow-white Percussion
  3031 | D:4      | Noticed Blork the orc
  3035 | D:4      | Reached XP level 6. HP: 32/32 MP: 10/16
  3041 | D:4      | Killed Blork the orc
  3399 | D:4      | Reached skill level 5 in Hexes
  3399 | D:4      | Reached skill level 1 in Ice Magic
  3765 | D:4      | Found a burning altar of Makhleb.
  3929 | D:4      | Reached XP level 7. HP: 36/36 MP: 10/18
  4002 | D:4      | Learned a level 1 spell: Freeze
  4006 | D:4      | Learned a level 3 spell: Ozocubu's Armour
  4645 | D:5      | Entered Level 5 of the Dungeon
  4703 | D:5      | Noticed Sigmund
  4750 | D:5      | Reached skill level 5 in Ice Magic
  4987 | D:5      | Found a radiant altar of Vehumet.
  5000 | D:5      | Became a worshipper of Vehumet
  5054 | D:5      | Reached skill level 1 in Fighting
  5131 | D:5      | Found a shadowy altar of Dithmenos.
  5186 | D:5      | Found an ornate altar of the Wu Jian Council.
  5507 | D:5      | Killed Sigmund
  5508 | D:5      | Reached XP level 8. HP: 44/44 MP: 6/19
  5611 | D:5      | Found a snail-covered altar of Cheibriados.
  5790 | D:6      | Found Wesmeu's Distillery.
  6026 | D:6      | Found a staircase to the Ecumenical Temple.
  6208 | D:6      | Found a white marble altar of Elyvilon.
  6255 | D:6      | Reached skill level 5 in Dodging
  6414 | D:6      | Noticed Duvessa
  6418 | D:6      | Noticed Dowan
  6424 | D:6      | Killed Dowan
  6430 | D:6      | Slain by Duvessa

Illustrated notes

Levels and vault maps discovered:
D:1:      lightli_arrival_flooded_house, layout_rooms
D:2:      layout_basic
D:3:      layout_basic, nicolae_qazlal_style_of_elements, lemuel_doored_altar,
          shapermc_ecumenical_altar_mp_urbaneastern, minmay_misc_feat_doors,
          minmay_quantized
D:4:      minmay_chambers_of_twos, layout_cave_pods, general_overflow_altar,
          lightli_minifort, uniq_blork_the_orc
D:5:      layout_loops_ring, mainiacjoe_overflow_tiny_flanked,
          grunt_dithmenos_smoke, kennysheep_mini, kennysheep_slug_shrine,
          uniq_sigmund
D:6:      layout_basic, mainiacjoe_overflow_catwalk_spiral,
          mainiacjoe_overflow_six_doors_small, minmay_temple_entry_fiery,
          serial_shops, nicolae_square_shop, serial_curves, eino_curves_01,
          eino_curves_01, eino_curves_03, amethyst_killhole, uniq_duvessa

Skill      XL: |  1  2  3  4  5  6  7  8 |
---------------+-------------------------+-----
Spellcasting   | 4 5 6 |  6.0
Conjurations   | 5 6 |  6.1
Hexes          | 2 3 5 6 |  6.0
Ice Magic      | 3 5 |  5.0
Fighting       | 2 3 |  3.1
Dodging        | 4 5 |  5.6
Stealth        | |  2.4

Action                     |  1- 3 |  4- 6 |  7- 9 || total
---------------------------+-------+-------+-------++-------
   Fire: Sling             |       |       |     4 ||     4
   Cast: Magic Dart        |    86 |   128 |    88 ||   302
         Searing Ray       |       |     9 |    11 ||    20
         Fulminant Prism   |       |     1 |     4 ||     5
         Ozocubu's Armour  |       |       |     2 ||     2
         Freeze            |       |       |     1 ||     1
    Use: Scroll            |       |       |     4 ||     4
         Potion            |       |       |     1 ||     1
 Armour: Robe              |       |     2 |     3 ||     5
         Steam dragon scal |       |       |     1 ||     1
  Dodge: Dodged            |       |    15 |    20 ||    35
